 Dungeon Crawl Stone Soup version 0.30-a0-371-gad7725a93e (webtiles) character file.

Game seed: 14493092944000719401

56 snetch the Charlatan (level 3, -2/26 HPs)
             Began as a Gnoll Wanderer on Nov 21, 2022.
             Killed from afar by Robin (7 damage)
             ... with a puff of flame
             ... on level 1 of the Dungeon.
             The game lasted 00:05:17 (1139 turns).

snetch the Charlatan (Gnoll Wanderer)               Turns: 1139, Time: 00:05:18

Health: -2/26      AC:  6    Str: 16    XL:     3   Next: 95%
Magic:  7/7        EV:  9    Int: 11    God:
Gold:   60         SH:  0    Dex:  8    Spells: 6/7 levels left

rFire   . . .      SeeInvis .    a - +0 mace
rCold   . . .      Faith    .    (no shield)
rNeg    . . .      Spirit   .    k - +0 scale mail
rPois   .          Reflect  .    (no helmet)
rElec   .          Harm     .    (no cloak)
rCorr   .          Rampage  .    (no gloves)
Will    .....                    (no boots)
Stlth   ..........               (no amulet)
HPRegen 0.24/turn                (no ring)
MPRegen 0.10/turn                (no ring)

@: no status effects
A: fangs 1, strong nose, distributed training
a: no special abilities


You were on level 1 of the Dungeon.
You visited 1 branch of the dungeon, and saw 2 of its levels.

You collected 60 gold pieces.

Inventory:

Hand Weapons
 a - a +0 mace (weapon)
Missiles
 g - 13 stones
Armour
 d - a +0 leather armour
 k - a +0 scale mail (worn)
Magical Staves
 h - a staff of conjuration
Scrolls
 f - a scroll of noise {unknown}
 m - a scroll of poison {unknown}
 n - a scroll of identify {unknown}
Potions
 c - 2 potions of might
 e - 2 potions of lignification {unknown}
 i - a potion of heal wounds {unknown}
 j - a potion of berserk rage {unknown}
 l - 3 potions of curing {unknown}
 o - a potion of resistance {unknown}
 p - a potion of haste {unknown}
Miscellaneous
 b - a piece from Xom's chessboard (1/15) (quivered)


   Skills:
 + Level 1.0 Fighting
 + Level 1.0 Short Blades
 + Level 1.0 Long Blades
 + Level 1.0 Axes
 + Level 4.6 Maces & Flails
 + Level 1.0 Polearms
 + Level 1.0 Staves
 + Level 1.0 Ranged Weapons
 + Level 1.0 Throwing
 + Level 1.0 Armour
 + Level 1.0 Dodging
 + Level 1.0 Stealth
 + Level 1.0 Shields
 + Level 1.0 Unarmed Combat
 + Level 2.9 Spellcasting
 + Level 5.4 Conjurations
 + Level 0.7 Hexes
 + Level 0.7 Summonings
 + Level 0.7 Necromancy
 + Level 0.7 Translocations
 + Level 0.7 Transmutations
 + Level 0.7 Fire Magic
 + Level 0.7 Ice Magic
 + Level 0.7 Air Magic
 + Level 0.7 Earth Magic
 + Level 0.7 Poison Magic
 + Level 2.7 Invocations
 + Level 6.5 Evocations


You had 6 spell levels left.
You knew the following spells:

 Your Spells              Type           Power      Damage    Failure   Level
a - Magic Dart            Conj           52%        1d5       11%         1

Your spell library contained the following spells:

 Spells                   Type           Power      Damage    Failure   Level
 Kiss of Death            Conj/Necr      32%        2d7       26%         1
 Mephitic Cloud           Conj/Pois/Air  6%         N/A       75%         3


Dungeon Overview and Level Annotations

Branches:
Dungeon (2/15)

Altars:

Annotations:
D:1 Robin
D:2 Terence


Innate Abilities, Weirdness & Mutations

You have very sharp teeth.
Your uncanny sense of smell can sniff out nearby items.
Your experience applies equally to all skills.


Message History

Unknown command.
The goblin barely misses you. The goblin hits you but does no damage.
Robin hits you with a +0 dagger. The kobold hits you but does no damage.
You climb upwards.
There is a stone staircase leading down here.
Robin attacks as you move away! Robin closely misses you.
The goblin hits you but does no damage. The goblin barely misses you.
The kobold hits you but does no damage.
You see here a +0 club.
The goblin hits you but does no damage.
The kobold hits you with a +0 short sword.
Things that are here:
a +0 club; a goblin corpse The goblin unwields a +0 club.
The goblin wields a +0 sling.
The goblin shoots a sling bullet.
The sling bullet hits you but does no damage.
You sock the goblin!
You kill the goblin!
The goblin shoots a sling bullet.
The sling bullet closely misses you.
You completely miss the kobold. The kobold closely misses you.
You hit the kobold.
You kill the kobold!
You hit the goblin.
You kill the goblin!
Robin zaps a wand.
The puff of flame hits you!
Robin is nearby!
You make a move on Xom's chessboard...
Robin falls asleep!
Robin shouts!
Robin hits you but does no damage.
You hit Robin. Your bite misses Robin.
Robin is lightly wounded.
Robin hits you with a +0 dagger.
You hit Robin. Your bite misses Robin.
Robin is moderately wounded.
Robin hits you with a +0 dagger.
* * * LOW HITPOINT WARNING * * *
You hit Robin but do no damage.
Robin is moderately wounded.
Robin zaps a wand.
The puff of flame hits you!
You die...

...#.## #.# ##.##.......###
###...#########.#######.#........
).........##..................###
###...###.##.##)#######....##.#
##>## #.##.##.#### #...###.#
##.####....##....####..####.#
###.......#.##................#
.......##...##.###.###.###.####
.##....###.###.)@......# #.#
.#####.# #.##..g##.###.###.# .##
#.# #.##..))....#.....#
..####.###.....>)....###.#.#
...##.).##....†>.........#.#
.........)...........#####.#
...##...####.........# #.#
..###...## ##...###### #.#
.#.....#.#####.## #.#


You could see Robin.

Vanquished Creatures
  5 endoplasms
  2 giant cockroaches
  12 goblins
  6 hobgoblins (D:1)
  4 quokkas (D:1)
  2 ball pythons
  5 bats
  2 frilled lizards
  6 kobolds (D:1)
  4 rats
48 creatures vanquished.

Vanquished Creatures (others)
  8 plants (D:2)
8 creatures vanquished.

Grand Total: 56 creatures vanquished

Notes
Turn   | Place    | Note
-------+----------+-------------------------------------------
     0 | D:1      | snetch the Gnoll Wanderer began the quest for the Orb.
     0 | D:1      | snetch set off with the following items: a +0 mace, a piece
                  | from Xom's chessboard (15/15), a potion of might, a +0
                  | leather armour; and the following spells available to
                  | memorise: Magic Dart, Kiss of Death, Mephitic Cloud.
     0 | D:1      | Reached XP level 1. HP: 13/13 MP: 4/4
    74 | D:1      | Reached XP level 2. HP: 14/19 MP: 5/5
    88 | D:2      | Noticed Terence
   430 | D:1      | Reached XP level 3. HP: 25/25 MP: 7/7
   450 | D:1      | Learned a level 1 spell: Magic Dart
   994 | D:2      | Noticed Robin
  1012 | D:1      | Reached skill level 1 in Fighting
  1012 | D:1      | Reached skill level 1 in Short Blades
  1012 | D:1      | Reached skill level 1 in Long Blades
  1012 | D:1      | Reached skill level 1 in Axes
  1012 | D:1      | Reached skill level 1 in Polearms
  1012 | D:1      | Reached skill level 1 in Staves
  1012 | D:1      | Reached skill level 1 in Ranged Weapons
  1012 | D:1      | Reached skill level 1 in Throwing
  1012 | D:1      | Reached skill level 1 in Armour
  1012 | D:1      | Reached skill level 1 in Dodging
  1012 | D:1      | Reached skill level 1 in Stealth
  1012 | D:1      | Reached skill level 1 in Shields
  1012 | D:1      | Reached skill level 1 in Unarmed Combat
  1139 | D:1      | Killed from afar by Robin

Illustrated notes

Levels and vault maps discovered:
D:1:      psy_arrival_statuary, layout_loops_ring
D:2:      layout_basic, serial_forest, infiniplex_forest_straight_1,
          infiniplex_forest_clump_curved, infiniplex_forest_side_room,
          infiniplex_forest_fountain, infiniplex_forest_clump_tiny,
          infiniplex_forest_clump_large, infiniplex_forest_clump_C,
          hellmonk_ecumenical_altar_the_god_not_taken, basic_altar,
          ebering_dispersal_statue_hall, st_stairs_3, uniq_terence, uniq_robin

Skill      XL: |  1  2  3 |
---------------+----------+-----
Fighting       | 1 |  1.0
Short Blades   | 1 |  1.0
Long Blades    | 1 |  1.0
Axes           | 1 |  1.0
Polearms       | 1 |  1.0
Staves         | 1 |  1.0
Ranged Weapons | 1 |  1.0
Throwing       | 1 |  1.0
Armour         | 1 |  1.0
Dodging        | 1 |  1.0
Stealth        | 1 |  1.0
Shields        | 1 |  1.0
Unarmed Combat | 1 |  1.0
Maces & Flails | |  4.6
Spellcasting   | |  2.9
Conjurations   | |  5.4
Hexes          | |  0.7
Summonings     | |  0.7
Necromancy     | |  0.7
Translocations | |  0.7
Transmutations | |  0.7
Fire Magic     | |  0.7
Ice Magic      | |  0.7
Air Magic      | |  0.7
Earth Magic    | |  0.7
Poison Magic   | |  0.7
Invocations    | |  2.7
Evocations     | |  6.5

Action                   || total
-------------------------++-------
Melee: Mace              ||   139
       Bite              ||     6
       Punch             ||     1
 Cast: Magic Dart        ||     3
Evoke: Piece from Xom's  ||    17
 Stab: Confused          ||     1
       Petrified         ||     1
       Sleeping          ||     1
Armor: Leather armour    ||    21
       Scale mail        ||    58
Dodge: Dodged            ||    87

Table legend: (Time is in decaauts)
 A = Elapsed time spent in this place.
 B = Non-inter-level travel time spent in this place.
 C = Inter-level travel time spent in this place.
 D = Time resting spent in this place.
 E = Time spent auto-exploring this place.
 F = Levels seen in this place.
 G = Mean time per level.
                   A        B        C        D        E       F      G
               +--------+--------+--------+--------+--------+-----+--------+
         Total |   1166 |   1121 |     45 |     72 |    572 |   2 |  583.0 |
       Dungeon |   1166 |   1121 |     45 |     72 |    572 |   2 |  583.0 |
               +--------+--------+--------+--------+--------+-----+--------+

Top non-repeatable levels by time:
     D:1: 1011 daAuts
     D:2: 155 daAuts
